 Dungeon Crawl Stone Soup version 0.30-a0-358-g0d69a1922f (webtiles) character file.

Game seed: 4461605977399054013

349 LnG the Sneak (level 6, 0/34 HPs)
             Began as a Kobold Summoner on Nov 9, 2022.
             Slain by a centaur (1 damage)
             ... on level 5 of the Dungeon.
             The game lasted 00:07:24 (3728 turns).

LnG the Sneak (Kobold Summoner)                     Turns: 3728, Time: 00:07:25

Health: 0/34       AC:  3    Str:  5    XL:     6   Next: 92%
Magic:  3/3        EV: 16    Int: 21    God:
Gold:   180        SH:  0    Dex: 16    Spells: 4/10 levels left

rFire   . . .      SeeInvis .    l - +12 dagger of Ogrufuto {antimagic, rC+ rCorr Int+3}
rCold   + . .      Faith    .    (no shield)
rNeg    . . .      Spirit   .    a - +0 robe
rPois   .          Reflect  .    (no helmet)
rElec   .          Harm     .    (no cloak)
rCorr   +          Rampage  .    (no gloves)
Will    .....                    t - +0 pair of boots
Stlth   ++++......               m - amulet of the acrobat
HPRegen 0.25/turn                (no ring)
MPRegen 0.08/turn                (no ring)

@: no status effects
A: small, no large weapons, nightstalker 3
a: no special abilities


You were on level 5 of the Dungeon.
You visited 1 branch of the dungeon, and saw 5 of its levels.

You collected 180 gold pieces.

Inventory:

Hand Weapons
 f - a +2 dagger of draining
 i - a +0 dagger
 l - the +12 dagger of Ogrufuto (weapon) {antimagic, rC+ rCorr Int+3}
   (You found it on level 3 of the Dungeon)

   It reduces the magical energy of the wielder, and disrupts the spells and
   magical abilities of those it strikes.
   Natural abilities and divine invocations are not affected.
   Int:       It affects your intelligence (+3).
   rC:        It protects you from cold.
   rCorr:     It protects you from acid and corrosion.
Armour
 a - a +0 robe (worn)
 r - a +0 scale mail
 t - a +0 pair of boots (worn)
Jewellery
 g - an amulet of faith
 m - an amulet of the acrobat (around neck)
Wands
 p - a wand of paralysis (9)
Scrolls
 c - 3 scrolls of magic mapping
 h - 2 scrolls of teleportation
 n - a scroll of identify {unknown}
 s - a scroll of brand weapon {unknown}
 u - a scroll of fog {unknown}
Potions
 b - a potion of magic
 d - 4 potions of lignification {unknown}
 e - a potion of heal wounds {unknown}
 j - 2 potions of curing {unknown}
 k - a potion of berserk rage {unknown}
 o - a potion of resistance {unknown}
 q - a potion of mutation {unknown}


   Skills:
 + Level 1.4 Fighting
 + Level 3.3 Short Blades
 * Level 4.2 Dodging
 * Level 6.0 Stealth
 + Level 2.7 Spellcasting
 + Level 4.6 Summonings


You had 4 spell levels left.
You knew the following spells:

 Your Spells              Type           Power      Damage    Failure   Level
a - Summon Small Mammal   Summ           88%        N/A       1%          1
b - Call Imp              Summ           22%        N/A       3%          2
c - Call Canine Familiar  Summ           22%        N/A       6%          3

Your spell library contained the following spells:

 Spells                   Type           Power      Damage    Failure   Level
 Summon Guardian Golem    Hex/Summ       12%        N/A       16%         3
 Ensorcelled Hibernation  Hex/Ice        4%         N/A       21%         2
 Passwall                 Tmut/Erth      1%         N/A       21%         2
 Swiftness                Air            2%         N/A       38%         3
 Summon Lightning Spire   Summ/Air       12%        N/A       47%         4


Dungeon Overview and Level Annotations

Branches:
Dungeon (5/15)
 Temple: D:4-7

Altars:
Kikubaaqudgha
The Shining One


Innate Abilities, Weirdness & Mutations

You are small and have problems with some larger weapons.
You are completely attuned to the shadows.


Message History

Edmund is severely wounded.
The scorpion barely misses you.
Edmund hits you with a +4 dire flail of protection!
You are too injured to fight recklessly!
You are too injured to fight recklessly!
You closely miss Edmund.
Edmund is severely wounded.
The centaur hits you.
The centaur kicks you but does no damage.
The scorpion stings you.
* * * LOW HITPOINT WARNING * * *
Edmund says, "I'm quite good with sums, too."
Edmund completely misses you. The centaur closely misses you.
The centaur misses you.
You completely miss Edmund.
Edmund is severely wounded.
The scorpion closely misses you. The centaur closely misses you. x2
Edmund barely misses you.
You closely miss Edmund.
Edmund is severely wounded.
The centaur hits you.
* * * LOW HITPOINT WARNING * * *
The centaur barely misses you.
An adder comes into view.
The scorpion barely misses you.
Edmund hits you with a +4 dire flail of protection.
* * * LOW HITPOINT WARNING * * *
The adder hisses angrily.
You hit Edmund but do no damage.
Edmund is severely wounded.
The centaur misses you.
The centaur kicks you but does no damage.
The scorpion barely misses you.
Unknown command.
You puncture Edmund!
You kill Edmund!
The centaur hits you.
* * * LOW HITPOINT WARNING * * *
The centaur kicks you.
You die...

#...##...
.......S.
..........
)....c)s...
......@....
..........
#...##...
#+####...#####
#...........
#...........
#...........
#...........
#...........


You could see a centaur, a scorpion and an adder.

Vanquished Creatures
  Edmund (D:5)
  A crimson imp (D:3)
  An orc wizard (D:4)
  A gnoll (D:1)
  3 adders
  2 worms
  A dart slug (D:3)
  3 orcs (D:4)
  3 ball pythons
  3 bats
  2 endoplasms (D:2)
  4 giant cockroaches
  6 goblins
  3 hobgoblins
  3 jackals (D:3)
  3 quokkas
  4 frilled lizards
  A goblin skeleton (D:3)
  2 goblin zombies (D:3)
  3 hobgoblin zombies (D:3)
  6 kobolds
  2 kobold skeletons (D:3)
  A kobold zombie (D:3)
  An orc skeleton (D:3)
  4 rats
64 creatures vanquished.

Vanquished Creatures (collateral kills)
  Sigmund (D:4)
  An adder (D:2)
  An orc (D:3)
  2 ball pythons (D:1)
  2 endoplasms
  A hobgoblin (D:1)
  A quokka (D:1)
  A bat (D:1)
  2 kobolds (D:1)
  2 rats (D:1)
14 creatures vanquished.

Vanquished Creatures (others)
  3 demonic plants (D:2)
  4 fungi (D:2)
  A plant (D:2)
  A withered plant (D:2)
9 creatures vanquished.

Grand Total: 87 creatures vanquished

Notes
Turn   | Place    | Note
-------+----------+-------------------------------------------
     0 | D:1      | LnG the Kobold Summoner began the quest for the Orb.
     0 | D:1      | Reached XP level 1. HP: 10/10 MP: 3/3
   416 | D:1      | Reached XP level 2. HP: 12/15 MP: 0/5
   712 | D:1      | Learned a level 2 spell: Call Imp
   875 | D:1      | Reached skill level 3 in Stealth
   875 | D:1      | Reached XP level 3. HP: 20/20 MP: 6/6
   879 | D:1      | Learned a level 3 spell: Call Canine Familiar
  1381 | D:2      | Reached XP level 4. HP: 21/22 MP: 7/7
  1549 | D:2      | Found a faded altar of an unknown god.
  2049 | D:3      | Reached skill level 1 in Short Blades
  2086 | D:3      | Reached skill level 1 in Fighting
  2280 | D:3      | Identified the +12 dagger of Ogrufuto {antimagic, rC+ rCorr
                  | Int+3}
  2317 | D:3      | Reached skill level 4 in Stealth
  2317 | D:3      | Reached XP level 5. HP: 28/29 MP: 2/8
  2486 | D:3      | Found a glowing golden altar of the Shining One.
  3067 | D:4      | Found an ancient bone altar of Kikubaaqudgha.
  3420 | D:4      | Reached XP level 6. HP: 31/34 MP: 3/10
  3428 | D:4      | Noticed Sigmund
  3445 | D:4      | Killed Sigmund
  3446 | D:4      | Reached skill level 6 in Stealth
  3701 | D:5      | Entered Level 5 of the Dungeon
  3712 | D:5      | Noticed Edmund
  3728 | D:5      | Killed Edmund
  3728 | D:5      | HP: 1/34 [centaur (2)]
  3728 | D:5      | Slain by a centaur

Illustrated notes

Levels and vault maps discovered:
D:1:      heliophobic_arrival_glass_houses, layout_basic
D:2:      cheibrodos_old_hovel, layout_basic, shapermc_ecumenical_altar_gd
D:3:      layout_rooms, nicolae_tso_besieged_by_evil
D:4:      layout_basic, kiku_gazebo_garden_becter, uniq_sigmund
D:5:      layout_gridville, mainiacjoe_overflow_alcove_1, minmay_starry_boxes,
          uniq_edmund, uniq_duvessa

Skill      XL: |  1  2  3  4  5  6 |
---------------+-------------------+-----
Stealth        | 3 4 6 |  6.0
Dodging        | 3 4 |  4.2
Short Blades   | 1 2 3 |  3.3
Fighting       | 1 |  1.4
Spellcasting   | |  2.7
Summonings     | |  4.6

Action                   |  1- 3 |  4- 6 || total
-------------------------+-------+-------++-------
Melee: Unarmed           |    16 |       ||    16
       Dagger            |    50 |   123 ||   173
       Punch             |     2 |     2 ||     4
 Cast: Summon Small Mamm |    15 |       ||    15
       Call Imp          |     4 |       ||     4
       Call Canine Famil |     2 |     2 ||     4
  Use: Scroll            |     2 |     4 ||     6
 Stab: Sleeping          |     7 |    12 ||    19
Armor: Robe              |    10 |    20 ||    30
Dodge: Dodged            |    50 |   131 ||   181

Table legend: (Time is in decaauts)
 A = Elapsed time spent in this place.
 B = Non-inter-level travel time spent in this place.
 C = Inter-level travel time spent in this place.
 D = Time resting spent in this place.
 E = Time spent auto-exploring this place.
 F = Levels seen in this place.
 G = Mean time per level.
                   A        B        C        D        E       F      G
               +--------+--------+--------+--------+--------+-----+--------+
         Total |   3714 |   3596 |    118 |      4 |   3033 |   5 |  742.8 |
       Dungeon |   3714 |   3596 |    118 |      4 |   3033 |   5 |  742.8 |
               +--------+--------+--------+--------+--------+-----+--------+

Top non-repeatable levels by time:
     D:1: 1054 daAuts
     D:2: 987 daAuts
     D:4: 842 daAuts
     D:3: 806 daAuts
     D:5: 24 daAuts
